 Dungeon Crawl Stone Soup version 0.23.1 (webtiles) character file.

Game seed: 18046578345561034886

249 Borgoz the Skirmisher (level 6, -4/52 HPs)
             Began as a Ghoul Gladiator on Mar 8, 2019.
             Killed by divine providence
             ... invoked by an orc priest
              (13 damage)
             ... on level 4 of the Dungeon.
             The game lasted 00:07:14 (3003 turns).

Borgoz the Skirmisher (Ghoul Gladiator)             Turns: 3003, Time: 00:07:15

Health: -4/52      AC:  5    Str: 18    XL:     6   Next: 12%
Magic:  5/5        EV: 13    Int:  4    God:
Gold:   135        SH:  0    Dex: 11    Spells: 5/5 levels left

rFire    . . .     SeeInvis .   a - +0 rapier
rCold    + . .     Gourm    .   (no shield)
rNeg     + + +     Faith    .   b - +0 leather armour
rPois    ∞         Spirit   .   c - +0 helmet
rElec    .         Reflect  .   (no cloak)
rCorr    .         Harm     .   (no gloves)
MR       .....                  g - +0 pair of boots
Stlth    ++........             (no amulet)
HPRegen  0.00/turn              (no ring)
MPRegen  0.09/turn              l - +1 ring of evasion

@: rotting
A: rotting body, claws 1, carnivore, cold resistance 1, negative energy
resistance 3, inhibited regeneration, torment resistance, unbreathing
a: no special abilities


You were on level 4 of the Dungeon.
You were not hungry.

You visited 1 branch of the dungeon, and saw 4 of its levels.

You collected 135 gold pieces.

Inventory:

Hand Weapons
 a - a +0 rapier (weapon)
 q - a +0 blowgun
Missiles
 d - 3 throwing nets (quivered)
 r - 16 poisoned needles
 u - 5 tomahawks
Armour
 b - a +0 leather armour (worn)
 c - a +0 helmet (worn)
 g - a +0 pair of boots (worn)
Jewellery
 l - a +1 ring of evasion (right claw)
Wands
 k - a wand of iceblast (8)
 s - a wand of paralysis (8)
Scrolls
 h - a scroll of amnesia
 n - a scroll of magic mapping
 v - a scroll of enchant weapon
 w - a scroll of teleportation
Potions
 e - a potion of brilliance
 i - a potion of heal wounds {unknown}
 j - 3 potions of flight
 o - 3 potions of mutation
Comestibles
 f - 7 rations


   Skills:
 + Level 3.8 Fighting
 + Level 3.7 Short Blades
 - Level 1.7 Throwing
 + Level 2.4 Armour
 - Level 2.6 Dodging
 + Level 3.2 Stealth


You had 5 spell levels left.
You didn't know any spells.
Your spell library was empty.

Dungeon Overview and Level Annotations

Branches:
Dungeon (4/15)
 Temple: D:4-7

Altars:


Innate Abilities, Weirdness & Mutations

Your body is rotting away.
You thrive on raw meat.
You are immune to poison.
You have sharp fingernails.
You are carnivorous and can eat meat at any time.
Your flesh is cold resistant. (rC+)
You are immune to negative energy. (rN+++)
You do not regenerate when monsters are visible.
You are immune to unholy pain and torment.
You can survive without breathing.


Message History

The orc is heavily wounded.
The orc barely misses you. The orc priest misses you.
You puncture the orc!
You kill the orc!
The orc priest hits you from afar with a +0 trident.
The orc priest miscasts a cantrip. x2
You hit the orc priest.
The orc priest is lightly wounded.
The orc priest barely misses you.
The orc hits you from afar with a +0 trident.
You are too injured to fight recklessly!
You are too injured to fight recklessly!
You are too injured to fight recklessly!
The orc priest calls down the wrath of Beogh upon you.
Beogh smites you!
* * * LOW HITPOINT WARNING * * *
There is a stone staircase leading up here.
The orc priest calls down the wrath of Beogh upon you.
Beogh smites you!
You die...

... ... #..#
.... #..# #....
##..###.....
####...........
................
#.....#..o......
#...#...o......
#..@.o......
........).......
..............##
.#...........##
#..........##
#........###
#.........#
#..........


You could see 2 orc priests and an orc.

Vanquished Creatures
  An orc wizard (D:3)
  Terence (D:3)
  Robin (D:3)
  3 gnolls (D:2)
  3 adders
  A worm (D:2)
  3 dart slugs (D:1)
  3 leopard geckos
  10 orcs
  A ball python (D:2)
  7 bats
  11 giant cockroaches
  15 goblins
  9 hobgoblins
  5 jackals
  A quokka (D:2)
  4 frilled lizards
  12 kobolds
  11 rats
102 creatures vanquished.

Notes
Turn   | Place    | Note
-------+----------+-------------------------------------------
     0 | D:1      | Borgoz the Ghoul Gladiator began the quest for the Orb.
     0 | D:1      | Reached XP level 1. HP: 17/17 MP: 0/0
    80 | D:1      | Reached XP level 2. HP: 19/25 MP: 1/1
   150 | D:1      | Reached skill level 1 in Stealth
   262 | D:1      | Reached XP level 3. HP: 10/30 MP: 2/2
   422 | D:1      | Reached skill level 1 in Armour
  1151 | D:2      | Reached XP level 4. HP: 12/36 MP: 3/3
  1491 | D:2      | Reached XP level 5. HP: 25/45 MP: 4/4
  2375 | D:3      | Noticed Terence
  2403 | D:3      | Killed Terence
  2417 | D:3      | Lost intelligence.
  2468 | D:3      | Noticed Robin
  2497 | D:3      | Killed Robin
  2913 | D:3      | Reached XP level 6. HP: 28/51 MP: 5/5
  3003 | D:4      | Killed from afar by an orc priest

Skill      XL: |  1  2  3  4  5 |
---------------+----------------+-----
Stealth        | 1 2 3 |  3.2
Short Blades   | 3 |  3.7
Armour         | 1 2 |  2.4
Fighting       | 3 |  3.8
Throwing       | |  1.7
Dodging        | |  2.6

Action                   |  1- 3 |  4- 6 || total
-------------------------+-------+-------++-------
Melee: Rapier            |   171 |   235 ||   406
  Use: Scroll            |     4 |     7 ||    11
 Stab: Sleeping          |     2 |     1 ||     3
  Eat: Chunk             |    13 |    25 ||    38
Armor: Leather armour    |    37 |    70 ||   107
Dodge: Dodged            |   121 |   173 ||   294
